 Dungeon Crawl Stone Soup version 0.22-a0-617-g6d95e9e505 (webtiles) character file.

201 RedPan the Sneak (level 5, -1/31 HPs)
             Began as an Octopode Wizard on July 12, 2018.
             Was a Follower of Sif Muna.
             Slain by a hound (6 damage)
             ... on level 4 of the Dungeon.
             The game lasted 00:08:53 (3970 turns).

RedPan the Sneak (Octopode Wizard)                  Turns: 3970, Time: 00:08:54

Health: -1/31      AC:  1    Str:  6    XL:     5   Next: 79%
Magic:  4/10       EV: 13    Int: 20    God:    Sif Muna [*.....]
Gold:   144        SH:  0    Dex: 12    Spells: 3/11 levels left

rFire    . . .     SeeInvis .   e - +1 dagger (speed)
rCold    . . .     Gourm    .   (no shield)
rNeg     . . .     Faith    .   a - +0 hat
rPois    .         Spirit   .   (no amulet)
rElec    .         Reflect  .   (no ring)
rCorr    .         Harm     .   (no ring)
MR       .....                  (no ring)
Stlth    +++.......             (no ring)
HPRegen  0.10/turn              (no ring)
MPRegen  0.12/turn              (no ring)
                                (no ring)
                                (no ring)

@: about to teleport
A: almost no armour, stealthy swim, amphibious, 8 rings, constrict 8, camouflage
1, gelatinous body 1
a: Divine Energy, Renounce Religion


You were on level 4 of the Dungeon.
You worshipped Sif Muna.
Sif Muna was aware of your devotion.
You were near starving.

You visited 2 branches of the dungeon, and saw 5 of its levels.

You collected 144 gold pieces.

Inventory:

Hand Weapons
 e - a +1 dagger of speed (weapon)
Armour
 a - a +0 hat (worn)
Jewellery
 g - an uncursed ring of wizardry {unknown}
Wands
 p - a wand of random effects (29)
Scrolls
 f - a scroll of remove curse
 n - a scroll of amnesia {unknown}
Potions
 b - a potion of brilliance {unknown}
 d - 2 potions of flight {unknown}
 h - 2 potions of resistance {unknown}
 i - a potion of invisibility {unknown}
 j - 3 potions of curing
 k - a potion of lignification {unknown}
 m - 2 potions of degeneration {unknown}
 q - 2 potions of ambrosia {unknown}
Comestibles
 c - 3 rations


   Skills:
 - Level 2.0 Dodging
 + Level 4.2 Stealth
 + Level 3.7 Spellcasting
 - Level 3.0 Conjurations
 - Level 2.0 Summonings
 - Level 1.0 Translocations
 * Level 1.1 Air Magic
 * Level 2.0 Poison Magic


You had 3 spell levels left.
You knew the following spells:

 Your Spells              Type           Power        Failure   Level  Hunger
a - Magic Dart            Conj           ###.         3%          1    None
b - Blink                 Tloc           N/A          13%         2    ##.....
c - Call Imp              Summ           ##......     9%          2    ##.....
d - Mephitic Cloud        Conj/Pois/Air  ##......     17%         3    ###....

Your spell library contained the following spells:

 Spells                   Type           Power        Failure   Level  Hunger
 Conjure Flame            Conj/Fire      #.......     22%         3    ###....
 Slow                     Hex            #.......     21%         2    ##.....
 Iskenderun's Mystic Bla  Conj           ###.....     36%         4    ####...
 Fulminant Prism          Conj/Hex       #.........   56%         4    ####...
 Dazzling Spray           Conj/Hex       #.....       22%         3    ###....
 Force Lance              Conj/Tloc      ##......     50%         4    ####...
 Searing Ray              Conj           ###...       6%          2    ##.....


Dungeon Overview and Level Annotations

Branches:
Dungeon (4/15)             Temple (1/1) D:4

Altars:
Ashenzari
Cheibriados
Dithmenos
Elyvilon
Fedhas
Gozag
Hepliaklqana
Makhleb
Okawaru
Qazlal
Ru
Sif Muna
Trog
Vehumet
Yredelemnul


Innate Abilities, Weirdness & Mutations

You cannot wear most types of armour.
You are very stealthy in the water. (Stealth+)
You are amphibious.
You can wear up to eight rings at the same time.
You can use your tentacles to constrict eight enemies at once.
Your skin changes colour to match your surroundings (Stealth+).
Your rubbery body absorbs attacks. (AC +1, EV +1)


Message History

Something misses your crimson imp.
Your crimson imp hits the gnoll.
The gnoll dies!
Sif Muna accepts your kill. The gnoll misses you.
You closely miss the gnoll. You grab the gnoll.
The gnoll is heavily wounded.
You constrict the gnoll, but do no damage.
A jackal comes into view.
Your crimson imp hits the gnoll.
The hound closely misses you.
Unknown command.
You hit the gnoll.
The gnoll is severely wounded.
You constrict the gnoll.
The jackal pauses to sniff the ground.
Your crimson imp hits the jackal.
The jackal completely misses your crimson imp.
The gnoll hits you with a flail!
* * * LOW HITPOINT WARNING * * *
The hound bites you.
You die...

....#.g.. ........ ... #...
... #.. #..###.# #..
#...<#.# #.. #..g.#.#
####.. ###.##.# #.....
...##########....#####.....
.....ShhZh@g5).......'.....
#..h5h################...#.
#.... #...#. .... #.###.
%.. #..... .. #..⌠.. .
#..... #.###. #.. #.


You could see a hound, a gnoll, an adder, 4 jackals, a hound skeleton and 2
friendly crimson imps.

Vanquished Creatures
  An orc wizard (D:3)
  Ijyb (D:3)
  A worker ant (D:4)
  An adder (D:3)
  An ooze (D:4)
  An adder skeleton (D:4)
  A worm (D:3)
  A dart slug (D:3)
  2 leopard geckos
  5 orcs
  4 giant cockroaches
  9 goblins
  3 hobgoblins
  6 jackals
  A quokka (D:3)
  2 ball pythons
  7 bats
  4 frilled lizards
  7 kobolds
  A leopard gecko skeleton (D:4)
  7 rats
66 creatures vanquished.

Vanquished Creatures (collateral kills)
  An orc priest (D:3)
  An orc wizard (D:3)
  3 gnolls (D:4)
  2 orcs (D:3)
  2 goblins (D:3)
  2 hobgoblins (D:3)
  A quokka skeleton (D:4)
12 creatures vanquished.

Grand Total: 78 creatures vanquished

Notes
Turn   | Place    | Note
-------+----------+-------------------------------------------
     0 | D:1      | RedPan the Octopode Wizard began the quest for the Orb.
     0 | D:1      | Reached XP level 1. HP: 11/11 MP: 4/4
    34 | D:1      | You fall through a shaft!
   252 | D:1      | Reached skill level 3 in Stealth
   252 | D:1      | Reached XP level 2. HP: 17/17 MP: 6/6
   846 | D:2      | Found a burning altar of Makhleb.
   846 | D:2      | Noticed a cacodemon
   850 | D:2      | Noticed a neqoxec
   850 | D:2      | Noticed a neqoxec
   966 | D:2      | Learned a level 2 spell: Blink
   969 | D:2      | Learned a level 2 spell: Call Imp
  1015 | D:2      | Found a shadowy altar of Dithmenos.
  1038 | D:2      | Reached XP level 3. HP: 21/21 MP: 5/7
  1445 | D:2      | Found a faded altar of an unknown god.
  1445 | D:2      | Found a blossoming altar of Fedhas.
  1470 | D:2      | Found a white marble altar of Elyvilon.
  1472 | D:2      | Found a hazy altar of Hepliaklqana.
  1474 | D:2      | Found a deep blue altar of Sif Muna.
  1477 | D:2      | Became a worshipper of Sif Muna the Loreminder
  1984 | D:3      | Learned a level 3 spell: Mephitic Cloud
  2079 | D:3      | Reached XP level 4. HP: 8/27 MP: 0/9
  2593 | D:3      | Reached XP level 5. HP: 31/31 MP: 3/10
  2656 | D:3      | Reached skill level 1 in Poison Magic
  2777 | D:3      | Noticed Ijyb
  2813 | D:3      | Killed Ijyb
  2813 | D:3      | Reached skill level 4 in Stealth
  3357 | D:4      | Reached * piety under Sif Muna
  3786 | D:4      | Found a staircase to the Ecumenical Temple.
  3796 | Temple   | Entered the Ecumenical Temple
  3953 | D:4      | Reached skill level 1 in Air Magic
  3970 | D:4      | Slain by a hound

Vault maps used:
D:1:      giann_forest_graveyard
D:2:      makhleb_altar_promises_db, chequers_temple_overflow_minitemple,
          grunt_dithmenos_smoke_and_mirrors
D:3:      uniq_robin, uniq_ijyb
D:4:      minmay_temple_entry_junction_2, first_ration,
          kennysheep_generic_room_3, uniq_edmund
Temple:   compressed_dpeg_triangle_lava_temple

Skill      XL: |  1  2  3  4  5 |
---------------+----------------+-----
Stealth        | 3 4 |  4.2
Conjurations   | 2 3 |  3.0
Poison Magic   | 2 |  2.0
Summonings     | 2 |  2.0
Air Magic      | 1 |  1.1
Dodging        | |  2.0
Spellcasting   | |  3.7
Translocations | |  1.0

Action                   |  1- 3 |  4- 6 || total
-------------------------+-------+-------++-------
Melee: Unarmed           |     4 |       ||     4
       Dagger            |    29 |    40 ||    69
       Constrict         |     7 |    10 ||    17
       Tentacles         |     3 |     6 ||     9
 Cast: Magic Dart        |    63 |    57 ||   120
       Call Imp          |     2 |    12 ||    14
  Use: Scroll            |       |     7 ||     7
 Stab: Sleeping          |     4 |       ||     4
  Eat: Chunk             |     3 |     5 ||     8
Armor: Skin              |     2 |     1 ||     3
Dodge: Dodged            |    18 |    30 ||    48

Table legend:
 A = Spawn XP
 B = Non-spawn XP
 C = Spawn XP percentage of total XP
 D = Spawn monster count
 E = Non-spawn monster count
 F = Spawn count percentage of total count
 G = Total turns spent on level
                    A         B        C        D         E        F      G
               +---------+---------+-------+---------+---------+-------+---------
         Total |       0 |     288 |   0.0 |       0 |      78 |   0.0 |  3970
               +---------+---------+-------+---------+---------+-------+---------
           D:1 |       0 |      17 |   0.0 |       0 |      11 |   0.0 |   671
           D:2 |       0 |      29 |   0.0 |       0 |      17 |   0.0 |  1002
           D:3 |       0 |     160 |   0.0 |       0 |      37 |   0.0 |  1672
           D:4 |       0 |      82 |   0.0 |       0 |      13 |   0.0 |   545
               +---------+---------+-------+---------+---------+-------+---------
